Cogmind - Beta 15 @@@ ROGUE MODE // 2025.09.19 @ 22:21:46 Player: Petvaria Result: Destroyed by H-81 Overseer with Heavy Linear Accelerator Performance ------------- Evolutions (8) 4000 Regions Visited (13) 2600 Robots Destroyed (63) 315 Value Destroyed (3105) 3105 Prototype IDs (12) 240 Alien Tech Used (2) 400 Bonus (6134) 6134 TOTAL SCORE: 16794 Bonus ------- High Alert Combat Kills 114 Follower Combat Kills 2120 Registered with UFD 300 Built Enhanced Grunts 300 A7 Reached Mainframe 300 Met R17 at Cetus 500 Met R17 at Research 2000 Scanned by Researcher 500 Cogmind --------- Core Integrity 0/1450 Matter 283/300 Energy 60/100 System Corruption 20% Temperature Cool (0) Movement Core (800) Ox15 Location -2/Research Parts ------- > --- POWER (2) -------- (None) > --- PROPULSION (6) --- (None) > --- UTILITY (13) ----- High-capacity Storage Unit Improved Weapon Shielding > --- WEAPON (2) ------- Companion Sword > --- INVENTORY (20) --- Light Antimatter Reactor Light Antimatter Reactor Light Antimatter Reactor Light Antimatter Reactor Myomer Leg Myomer Leg Myomer Leg Improved Weapon Shielding Subatomic Replicator Improved Plasma Cutter Peak State ------------ > --- POWER ------------ Antimatter Reactor Micro Antimatter Reactor > --- PROPULSION ------- Medium Armored Exoskeleton Myomer Leg Biometal Leg > --- UTILITY ---------- High-capacity Storage Unit Improved Sensor Array Improved Signal Interpreter Advanced Melee Analysis Suite Advanced Melee Analysis Suite Advanced Melee Analysis Suite Advanced Melee Analysis Suite Improved Weapon Shielding Centrium Medium Armor Plating Centrium Medium Armor Plating Remote Force Field Amulet of Y3-NDR > --- WEAPON ----------- Companion Sword > --- INVENTORY -------- Antimatter Reactor Antimatter Reactor Light Antimatter Reactor Light Antimatter Reactor Thunder Leg Thunder Leg Thunder Leg Thunder Leg Enhanced Flexi-carbon Leg Myomer Leg Deep Structural Scanner Improved Transmission Jammer Improved Phase Shifter Improved Weapon Shielding Improved Medium Armor Plating Improved Medium Armor Plating Centrium Medium Armor Plating Remote Force Field Improved Remote Datajack Improved Plasma Cutter [Rating: 128] Favorites ----------- Power Antimatter Reactor Engine Ion Engine Power Core Neutrino Core Reactor Antimatter Reactor Propulsion Medium Armored Exoskeleton Treads Light Treads Leg Medium Armored Exoskeleton Wheel Wheel Utility High-capacity Storage Unit Device Remote Force Field Storage High-capacity Storage Unit Processor Advanced Melee Analysis Suite Hackware Improved Hacking Suite Protection Improved Weapon Shielding Artifact Phase Armor Weapon Companion Sword Energy Gun Medium Laser Ballistic Gun Heavy Assault Rifle Special Weapon Improved Remote Datajack Impact Weapon Hammer Slashing Weapon Companion Sword Build | -11 -10 -10 -7 -7 -5 -5 -5 -4 -4 -4 -3 -3 -2 ------- Run | Yrd Mat Sub Rec Scr Fac Ext Cet Fac Upp Upp Res Qua Res Slots Evolved 16 | . . . . . 10 . . 2 . . 2 . 2 Power 1 | . . . . . . . . . . . 1 . . Propulsion 4 | . . . . . 3 . . . . . . . 1 Utility 11 | . . . . . 7 . . 2 . . 1 . 1 Weapon . | . . . . . . . . . . . . . . Parts Attached 98 | 6 4 1 1 4 22 11 7 9 . . 7 16 10 Power 15 | 1 . . 1 1 2 3 1 1 . . 2 1 2 Engine 6 | 1 . . 1 1 2 1 . . . . . . . Core 2 | . . . . . . 2 . . . . . . . Reactor 7 | . . . . . . . 1 1 . . 2 1 2 Propulsion 31 | 2 . . . 2 7 3 1 3 . . . 7 6 Treads 4 | 2 . . . . 2 . . . . . . . . Leg 23 | . . . . . 4 3 1 3 . . . 7 5 Wheel 4 | . . . . 2 1 . . . . . . . 1 Hover . | . . . . . . . . . . . . . . Flight . | . . . . . . . . . . . . . . Utility 42 | 1 2 . . . 10 5 5 4 . . 5 8 2 Device 10 | . . . . . 2 . 1 3 . . 1 2 1 Storage 2 | 1 1 . . . . . . . . . . . . Processor 10 | . 1 . . . 4 . . 1 . . 4 . . Hackware 1 | . . . . . . 1 . . . . . . . Protection 17 | . . . . . 4 4 4 . . . . 4 1 Artifact 2 | . . . . . . . . . . . . 2 . Weapon 10 | 2 2 1 . 1 3 . . 1 . . . . . Energy Gun 4 | 2 . . . 1 1 . . . . . . . . Energy Cannon . | . . . . . . . . . . . . . . Ballistic Gun 3 | . 1 1 . . 1 . . . . . . . . Ballistic Cannon . | . . . . . . . . . . . . . . Launcher . | . . . . . . . . . . . . . . Special Weapon 1 | . . . . . . . . 1 . . . . . Impact Weapon 1 | . 1 . . . . . . . . . . . . Slashing Weapon 1 | . . . . . 1 . . . . . . . . Piercing Weapon . | . . . . . . . . . . . . . . Special Melee Weapon . | . . . . . . . . . . . . . . Unidentified Prototypes 6 | . . . . . 1 . 2 . . . 1 2 . Parts Lost 56 | . . . 2 . 5 5 . 1 . . . 17 26 Power 9 | . . . 1 . 1 1 . . . . . 1 5 Propulsion 23 | . . . 1 . 3 2 . . . . . 6 11 Utility 22 | . . . . . . 2 . 1 . . . 10 9 Weapon 2 | . . . . . 1 . . . . . . . 1 Highest Loss Streak 26 | . . . 1 . 4 2 . 1 . . . 16 26 To Critical Strikes 1 | . . . . . . 1 . . . . . . . Average Backups 16 | 2 8 9 11 15 14 19 19 19 19 20 19 17 18 Power 3 | . 1 1 . 1 . 3 4 4 4 4 4 5 6 Propulsion 4 | 1 2 2 2 2 1 4 5 5 6 6 6 5 7 Utility 5 | . . . 1 4 5 7 9 8 7 7 7 4 1 Weapon 2 | . 5 6 8 6 6 2 . . . . . . . Tool/Special . | . . . . . . . . . . . . . . Unused Backups 27 | 2 . . . 1 . 3 1 8 1 1 . 2 8 Power 7 | . . . . . . . 1 1 1 . . 1 3 Propulsion 14 | 2 . . . . . 1 . 6 . 1 . 1 3 Utility 2 | . . . . 1 . . . 1 . . . . . Weapon 2 | . . . . . . 2 . . . . . . . Tool/Special 2 | . . . . . . . . . . . . . 2 Average Slot Usage (%) 83 | . 98 100 91 76 74 81 82 83 84 84 80 79 67 Engine 3 | . 14 14 14 1 4 . . . . . . . . Core 1 | . . . . . . 4 4 . . . . . . Reactor 2 | . . . . . . . . 5 5 5 4 8 7 Treads 5 | . 28 28 20 . 3 . . . . . . . . Leg 11 | . . . . . 8 16 17 15 15 15 14 18 18 Wheel 3 | . . . . 27 5 . . . . . . . 1 Device 8 | . . . . . 8 6 5 13 15 15 16 15 14 Storage 7 | . 14 14 14 14 5 5 5 5 5 5 4 4 4 Processor 13 | . 13 14 14 14 12 11 11 14 15 15 17 17 11 Hackware 2 | . . . . . . 3 5 5 5 5 2 . . Protection 11 | . . . . . 12 22 23 16 15 15 14 8 3 Energy Gun 3 | . 11 13 14 4 2 . . . . . . . . Ballistic Gun 4 | . 13 13 14 14 2 . . . . . . . . Slashing Weapon 3 | . . . . . 2 5 5 5 5 5 4 4 4 Peak Build Rating 128 | 6 10 10 11 17 70 83 93 108 109 109 126 128 125 Average Rating 67 | 4 9 9 10 11 47 78 85 101 108 109 118 108 96 On Entrance 60 | . 6 10 10 10 17 68 83 93 108 109 109 126 104 Naked Turns . | . . . . . . . . . . . . . . Heaviest Build 94 | 14 50 50 50 50 71 84 87 88 86 86 94 94 83 Greatest Support 126 | 40 40 40 40 26 86 90 98 101 98 98 98 126 126 Greatest Overweight (x) 7 | . 1 1 2 1 7 1 . . . . . 2 1 Average Overweight (x) . | . . 1 1 1 2 . . . . . . . . Largest Inventory Capacity 20 | 8 20 20 20 20 20 20 20 20 20 20 20 20 20 Average Capacity 19 | 7 17 20 20 20 20 20 20 20 20 20 20 20 20 Most Carried 20 | 5 9 12 12 20 19 20 20 20 20 20 20 20 20 Average Carried 16 | 2 8 9 11 15 14 19 19 19 19 20 19 17 18 Final Capacity 20 | 8 20 20 20 20 20 20 20 20 20 20 20 20 20 Final Carried 20 | 4 9 12 12 20 14 20 20 19 20 20 20 18 10 Class Distribution -------------------- 59% | Mutant 25% | Commander-Mutant 9% | Scavenger-Mutant 5% | Scavenger-Assassin Dominant Class ---------------- Mutant | -10/Materials Mutant | -10/Subcaves Mutant | -7/Recycling Mutant | -7/Scraptown Mutant | -5/Factory Commander-Mutant | -5/Extension Commander-Mutant | -5/Cetus Commander-Mutant | -4/Factory Mutant | -4/Upper Caves Mutant | -4/Upper Caves Mutant | -3/Research Mutant | -3/Quarantine Scavenger-Assassin | -2/Research Resources | -11 -10 -10 -7 -7 -5 -5 -5 -4 -4 -4 -3 -3 -2 ----------- Run | Yrd Mat Sub Rec Scr Fac Ext Cet Fac Upp Upp Res Qua Res Matter Collected 1400 | 205 89 60 141 20 266 168 70 112 7 . 20 176 66 Remotely . | . . . . . . . . . . . . . . Salvage Created 3909 | . 269 33 385 . 238 890 25 909 139 . 76 734 211 Parts 167 | . 12 2 12 . 7 36 2 32 8 . 1 45 10 Haulers Intercepted . | . . . . . . . . . . . . . . Recyclers Shooed 4 | . . . 3 . . . . 1 . . . . . Parts Field Recycled . | . . . . . . . . . . . . . . Retrieved Matter . | . . . . . . . . . . . . . . Parts Self-Destructed 21 | . . 4 . . . . . . 17 . . . . Prevented . | . . . . . . . . . . . . . . Kills | -11 -10 -10 -7 -7 -5 -5 -5 -4 -4 -4 -3 -3 -2 ------- Run | Yrd Mat Sub Rec Scr Fac Ext Cet Fac Upp Upp Res Qua Res Combat Hostiles Destroyed 50 | . 6 1 2 . 4 13 . 5 5 . 1 10 3 Melee 39 | . . . . . 2 13 . 5 5 . 1 10 3 Guns 11 | . 6 1 2 . 2 . . . . . . . . Classes Destroyed 13 | . 1 1 2 . 2 1 1 4 . . . . 1 Worker 4 | . . . . . . . . 3 . . . 1 . Builder 2 | . . . . . . . . 2 . . . . . Recycler 6 | . . . 3 . . . . 3 . . . . . Watcher 1 | . . . . . . . 1 . . . . . . Swarmer 8 | . . . . . 1 1 . . 5 . . . 1 Grunt 16 | . 6 . . . 1 4 . 1 . . 1 2 1 Duelist 1 | . . . . . 1 . . . . . . . . Sentry 10 | . . . 2 . 1 6 . 1 . . . . . Specialist 1 | . . . . . . . . . . . . . 1 Hunter 7 | . . . . . . . . 2 . . . 5 . Programmer 5 | . . . . . . 2 . . . . . 3 . Behemoth 1 | . . . . . . . . 1 . . . . . Subdweller 1 | . . 1 . . . . . . . . . . . Best Kill Streak 5 | . 2 1 4 . 2 2 1 4 5 . 1 4 2 Combat Bots Only 5 | . 2 1 1 . 2 2 . 2 5 . 1 4 2 Max Kills in Single Turn 1 | . 1 1 1 . 1 1 1 1 1 . 1 1 1 Gunslinging . | . . . . . . . . . . . . . . Exploded . | . . . . . . . . . . . . . . Melee 1 | . . . . . 1 1 . 1 1 . 1 1 1 Uniques/NPCs Destroyed . | . . . . . . . . . . . . . . Combat | -11 -10 -10 -7 -7 -5 -5 -5 -4 -4 -4 -3 -3 -2 -------- Run | Yrd Mat Sub Rec Scr Fac Ext Cet Fac Upp Upp Res Qua Res Hostile Shots Fired 913 | . 25 5 54 . 78 88 23 82 33 . 8 365 152 Missed 268 | . 5 1 11 . 21 24 6 26 14 . 4 116 40 Hits 645 | . 20 4 43 . 57 64 17 56 19 . 4 249 112 Melee 11 | . . . . . 11 . . . . . . . . Projectile 634 | . 20 4 43 . 46 64 17 56 19 . 4 249 112 AOE 1 | . . . . . . . . 1 . . . . . Critical Strikes 34 | . 1 1 . . 4 5 1 2 . . . 16 4 Actively Blocked 1 | . . . . . 1 . . . . . . . . Part Disruptions 3 | . . . . . . . . . . . . 1 2 Damage Taken 12458 | . 272 84 320 . 1137 1012 489 961 257 . 43 4074 3809 Core 2626 | . 28 . 95 . 156 75 98 27 42 . 5 626 1474 Absorbed by Shields 1133 | . . . . . 57 435 64 198 77 . 36 139 127 Redirected to Shielding 338 | . . . . . 32 132 9 40 . . . 45 80 Core Remaining (%) 72 | 100 . . . 50 . . 67 . . 94 . 51 . Volleys Fired 61 | . 18 3 14 . 23 . . 1 . . . . 2 Largest 2 | . 2 2 2 . 2 . . 1 . . . . 1 Hottest 83 | . 73 73 73 . 83 . . 7 . . . . 7 Shots Fired 119 | . 36 6 28 . 46 . . 1 . . . . 2 Gun 116 | . 36 6 28 . 46 . . . . . . . . Cannon . | . . . . . . . . . . . . . . Launcher . | . . . . . . . . . . . . . . Special 3 | . . . . . . . . 1 . . . . 2 Kinetic 58 | . 18 3 14 . 23 . . . . . . . . Thermal 58 | . 18 3 14 . 23 . . . . . . . . Explosive . | . . . . . . . . . . . . . . Electromagnetic . | . . . . . . . . . . . . . . Robot Hit Streak 11 | . 7 11 11 . 10 . . 2 . . . . 1 Robot Miss Streak 2 | . 2 1 1 . 2 . . . . . . . 1 Penetration Max . | . . . . . . . . . . . . . . Secondary Targets . | . . . . . . . . . . . . . . Shots Hit Robots 265 | . 25 5 25 . 43 45 5 37 9 . 2 49 20 Core Hits 103 | . 13 2 11 . 12 20 3 15 2 . 1 19 5 Critical Kills . | . . . . . . . . . . . . . . Critical Parts Destroyed . | . . . . . . . . . . . . . . Critical Strikes 12 | . . . 2 . 2 2 . . . . . 4 2 Burn 4 | . . . 2 . 2 . . . . . . . . Melee Attacks 234 | . 14 8 . . 17 51 6 39 9 . 8 57 25 Impact 22 | . 14 8 . . . . . . . . . . . Slashing 212 | . . . . . 17 51 6 39 9 . 8 57 25 Piercing . | . . . . . . . . . . . . . . Sneak Attacks 11 | . . . . . . 2 . 7 . . . 2 . Combat Hostiles 2 | . . . . . . 2 . . . . . . . Follow-up Attacks 1 | . . . . . . . . . . . . . 1 Damage Inflicted 9155 | . 336 64 351 . 833 1996 204 1743 407 . 83 2376 762 Guns 1272 | . 336 64 351 . 521 . . . . . . . . Cannons . | . . . . . . . . . . . . . . Explosions . | . . . . . . . . . . . . . . Melee 7883 | . . . . . 312 1996 204 1743 407 . 83 2376 762 Ramming . | . . . . . . . . . . . . . . Kinetic 676 | . 149 40 202 . 285 . . . . . . . . Thermal 596 | . 187 24 149 . 236 . . . . . . . . Explosive . | . . . . . . . . . . . . . . Electromagnetic . | . . . . . . . . . . . . . . Impact . | . . . . . . . . . . . . . . Slashing 7883 | . . . . . 312 1996 204 1743 407 . 83 2376 762 Piercing . | . . . . . . . . . . . . . . Highest Corruption 20 | . . . . . . 2 2 1 1 1 . 17 20 Average Corruption 3 | . . . . . . 1 2 1 1 1 . 16 8 Corruption Purged . | . . . . . . . . . . . . . . Corruption Blocked . | . . . . . . . . . . . . . . Effects 61 | . . . . . . 17 6 8 4 2 . 20 4 Message Errors 16 | . . . . . . 6 . 2 2 . . 6 . Matter Fused 14 | . . . . . . 2 . 1 1 . . 7 3 Heat Flow Errors 7 | . . . . . . 4 2 . . 1 . . . Energy Discharges 11 | . . . . . . 2 1 2 1 . . 4 1 Parts Fused 1 | . . . . . . . 1 . . . . . . Data Loss (minor) 9 | . . . . . . 3 2 2 . . . 2 . Data Loss (major) 3 | . . . . . . . . 1 . 1 . 1 . Overload Shots . | . . . . . . . . . . . . . . Overflow Damage 460 | . . . . . 26 103 . 126 87 . . 118 . Projectiles . | . . . . . . . . . . . . . . Explosions . | . . . . . . . . . . . . . . Melee 460 | . . . . . 26 103 . 126 87 . . 118 . Knockbacks . | . . . . . . . . . . . . . . Impact . | . . . . . . . . . . . . . . Kinetic . | . . . . . . . . . . . . . . Secondary . | . . . . . . . . . . . . . . Self-Inflicted Damage . | . . . . . . . . . . . . . . Shots . | . . . . . . . . . . . . . . Rammed . | . . . . . . . . . . . . . . Targets Rammed . | . . . . . . . . . . . . . . Kicked . | . . . . . . . . . . . . . . Crushed . | . . . . . . . . . . . . . . Highest Temperature 271 | . 147 . 84 . 17 169 271 2 . 191 . . . Average Temperature 62 | . 59 . 33 . 10 69 130 2 . 99 . . . Received Heat Transfer 975 | . 171 24 90 . 161 221 31 83 14 . 14 103 63 Siege Activations . | . . . . . . . . . . . . . . Martial Activations . | . . . . . . . . . . . . . . Shielding Activations . | . . . . . . . . . . . . . . Robots Disrupted 3 | . . . . . . 1 . 1 . . . 1 . Combat Hostiles 3 | . . . . . . 1 . 1 . . . 1 . Robots Corrupted . | . . . . . . . . . . . . . . Combat Hostiles . | . . . . . . . . . . . . . . Parts Fried . | . . . . . . . . . . . . . . Impact Corruptions . | . . . . . . . . . . . . . . Robots Melted . | . . . . . . . . . . . . . . Combat Hostiles . | . . . . . . . . . . . . . . Parts Melted 5 | . 3 . 1 . 1 . . . . . . . . Heat Transferred 1962 | . 555 74 592 . 741 . . . . . . . . Parts Sabotaged . | . . . . . . . . . . . . . . Parts Stolen . | . . . . . . . . . . . . . . Parts Stripped . | . . . . . . . . . . . . . . Power Chain Reactions . | . . . . . . . . . . . . . . Alert | -11 -10 -10 -7 -7 -5 -5 -5 -4 -4 -4 -3 -3 -2 ------- Run | Yrd Mat Sub Rec Scr Fac Ext Cet Fac Upp Upp Res Qua Res Maximum Alert Level 3 | . . . . . . 2 1 3 . . . . . Low Security (%) 71 | 100 100 . 100 . 100 74 . 11 . . 100 100 100 Level 1 12 | . . . . . . 17 100 10 . . . . . Level 2 12 | . . . . . . 7 . 56 . . . . . Level 3 3 | . . . . . . . . 21 . . . . . Level 4 . | . . . . . . . . . . . . . . Level 5 . | . . . . . . . . . . . . . . High Security . | . . . . . . . . . . . . . . Max Security . | . . . . . . . . . . . . . . Peak Influence 729 | . 52 . 25 . 87 543 371 729 . . 128 188 65 Initial 292 | . . . . . . 25 292 190 . . 96 27 7 Average 170 | . 14 . 3 . 18 122 303 563 . . 90 74 11 Influence Increases 3905 | . 160 . 55 . 204 933 339 1174 125 . 164 504 247 Destroy 0b10 Robot/C 1840 | . 120 . 40 . 80 520 160 360 100 . 60 320 80 Destroy 0b10 Robot/NC 135 | . . . 15 . . 25 10 60 . . . 25 . Destroy Leader 260 | . 30 . . . 20 44 . 102 10 . 10 34 10 Allied During Kill 923 | . . . . . . 313 154 418 . . 7 27 4 Successful Hack 48 | . . . . . 4 15 7 22 . . . . . Disable Machine 225 | . . . . . 30 . . 105 . . 15 60 15 Destroy Structure 189 | . 10 . . . 10 16 8 92 . . 12 38 3 Partial Spotted 15 | . . . . . . . . 15 . . . . . Lose Combat Pursuer 270 | . . . . . 60 . . . 15 . 60 . 135 Influence Decreases 3885 | . 160 . 55 . 152 462 521 793 558 145 258 540 241 Entered New Map 810 | . . . . . . 27 231 151 268 55 48 23 7 Time Decay 2281 | . 160 . 55 . 122 385 190 452 270 90 170 327 60 Lost Part 390 | . . . . . 30 30 . 10 . . . 170 150 Lost Ally 404 | . . . . . . 20 100 180 20 . 40 20 24 Squads Dispatched 20 | . . . . . 2 . . 6 . . . 6 6 Investigation 1 | . . . . . . . . 1 . . . . . Extermination 6 | . . . . . 1 . . 2 . . . 2 1 Reinforcement 13 | . . . . . 1 . . 3 . . . 4 5 Assault . | . . . . . . . . . . . . . . Garrison . | . . . . . . . . . . . . . . Intercept . | . . . . . . . . . . . . . . Searches Triggered . | . . . . . . . . . . . . . . Construction Impeded 1 | . . . . . . . . 1 . . . . . Haulers Reinforced 1 | . . . . . . . . . . . . 1 . Active Scanning Responses . | . . . . . . . . . . . . . . Cargo Convoy Interrupts . | . . . . . . . . . . . . . . Stealth | -11 -10 -10 -7 -7 -5 -5 -5 -4 -4 -4 -3 -3 -2 --------- Run | Yrd Mat Sub Rec Scr Fac Ext Cet Fac Upp Upp Res Qua Res Distress Signals 14 | . 1 . . . 1 4 2 1 . . 2 1 2 Communications Jammed 54 | . . . . . 9 . . . . . . 6 39 Distress Signals 54 | . . . . . 9 . . . . . . 6 39 Times Spotted 155 | . 10 1 2 . 16 34 10 19 10 . 6 23 24 Peak Tracking Total 13 | . 3 1 1 . 5 5 5 3 5 . 3 6 13 Tactical Retreats 9 | . . . . . 2 . . . 1 . 2 . 4 Traps | -11 -10 -10 -7 -7 -5 -5 -5 -4 -4 -4 -3 -3 -2 ------- Run | Yrd Mat Sub Rec Scr Fac Ext Cet Fac Upp Upp Res Qua Res Traps Triggered 3 | . . . . . 2 1 . . . . . . . Indirectly . | . . . . . . . . . . . . . . Trap Hack Attempts . | . . . . . . . . . . . . . . Triggered . | . . . . . . . . . . . . . . Disarmed . | . . . . . . . . . . . . . . Reprogrammed . | . . . . . . . . . . . . . . Reused . | . . . . . . . . . . . . . . Traps Extracted . | . . . . . . . . . . . . . . Installed . | . . . . . . . . . . . . . . Triggered . | . . . . . . . . . . . . . . Machines | -11 -10 -10 -7 -7 -5 -5 -5 -4 -4 -4 -3 -3 -2 ---------- Run | Yrd Mat Sub Rec Scr Fac Ext Cet Fac Upp Upp Res Qua Res Machines Disabled 15 | . . . . . 2 . . 7 . . 1 4 1 Max in Single Turn 1 | . . . . . 1 . . . . . . 1 . Garrison Access 1 | . . . . . . . . 1 . . . . . Energy Cycler 1 | . . . . . . 1 . . . . . . . Machines Repaired . | . . . . . . . . . . . . . . Machines Dismantled . | . . . . . . . . . . . . . . Machines Sabotaged . | . . . . . . . . . . . . . . Overloaded Fab Kills . | . . . . . . . . . . . . . . Hacking | -11 -10 -10 -7 -7 -5 -5 -5 -4 -4 -4 -3 -3 -2 --------- Run | Yrd Mat Sub Rec Scr Fac Ext Cet Fac Upp Upp Res Qua Res Machines Accessed 15 | . . . . 4 1 3 1 4 2 . . . . Terminals 7 | . . . . . 1 3 1 2 . . . . . Fabricators 1 | . . . . . . . . 1 . . . . . Repair Stations . | . . . . . . . . . . . . . . Recycling Units . | . . . . . . . . . . . . . . Scanalyzers . | . . . . . . . . . . . . . . Garrison Access 1 | . . . . . . . . 1 . . . . . Total Hacks 47 | . . . . 27 1 3 1 8 7 . . . . Successful 42 | . . . . 27 1 3 1 3 7 . . . . Failed 5 | . . . . . . . . 5 . . . . . Catastrophic . | . . . . . . . . . . . . . . Database Lockouts . | . . . . . . . . . . . . . . Manual 7 | . . . . . . . 1 6 . . . . . Terminals 9 | . . . . . 1 3 1 4 . . . . . Fabricators 3 | . . . . . . . . 3 . . . . . Repair Stations . | . . . . . . . . . . . . . . Recycling Units . | . . . . . . . . . . . . . . Scanalyzers . | . . . . . . . . . . . . . . Garrison Access 1 | . . . . . . . . 1 . . . . . Terminal Hacks 39 | . . . . 27 1 3 1 . 7 . . . . Record 28 | . . . . 22 . . . . 6 . . . . Robot Analysis 4 | . . . . 4 . . . . . . . . . Open Door 7 | . . . . 1 1 3 1 . 1 . . . . Fabricator Hacks . | . . . . . . . . . . . . . . Repair Station Hacks . | . . . . . . . . . . . . . . Recycling Unit Hacks . | . . . . . . . . . . . . . . Scanalyzer . | . . . . . . . . . . . . . . Garrison Access Hacks 1 | . . . . . . . . 1 . . . . . Seal Access 1 | . . . . . . . . 1 . . . . . Unauthorized Hacks 2 | . . . . . . . . 2 . . . . . Terminals 2 | . . . . . . . . 2 . . . . . Botnet 2 | . . . . . . . . 2 . . . . . Fabricators . | . . . . . . . . . . . . . . Repair Stations . | . . . . . . . . . . . . . . Recycling Units . | . . . . . . . . . . . . . . Scanalyzers . | . . . . . . . . . . . . . . Garrison Access . | . . . . . . . . . . . . . . Data Cores Recovered 1 | . . . . . . 1 . . . . . . . Used . | . . . . . . . . . . . . . . Hacking Detections 2 | . . . . . . . . 2 . . . . . Full Trace Events . | . . . . . . . . . . . . . . Feedback Events . | . . . . . . . . . . . . . . Feedback Blocked . | . . . . . . . . . . . . . . Robot Schematics Acquired 2 | . . . . . . . . . . . . 2 . Robots Built . | . . . . . . . . . . . . . . Authchips . | . . . . . . . . . . . . . . Time . | . . . . . . . . . . . . . . Total Robot Build Rating . | . . . . . . . . . . . . . . Part Schematics Acquired 8 | . . . . . . . . . . . . 8 . Parts Built . | . . . . . . . . . . . . . . Authchips . | . . . . . . . . . . . . . . Time . | . . . . . . . . . . . . . . Total Part Build Rating . | . . . . . . . . . . . . . . Parts Repaired . | . . . . . . . . . . . . . . Time . | . . . . . . . . . . . . . . Parts Recycled . | . . . . . . . . . . . . . . Recycled Matter . | . . . . . . . . . . . . . . Retrieved Matter . | . . . . . . . . . . . . . . Retrieved Components . | . . . . . . . . . . . . . . Parts Scanalyzed . | . . . . . . . . . . . . . . Part Schematics Acquired . | . . . . . . . . . . . . . . Parts Damaged . | . . . . . . . . . . . . . . Bothacking | -11 -10 -10 -7 -7 -5 -5 -5 -4 -4 -4 -3 -3 -2 ------------ Run | Yrd Mat Sub Rec Scr Fac Ext Cet Fac Upp Upp Res Qua Res Used RIF Installer . | . . . . . . . . . . . . . . Robots Hacked 2 | . . . . . . . . 1 . . . . 1 Non-combat . | . . . . . . . . . . . . . . Combat . | . . . . . . . . . . . . . . Robot Hacks Applied . | . . . . . . . . . . . . . . Manual 2 | . . . . . . . . 1 . . . . 1 Relay Couplers Released . | . . . . . . . . . . . . . . Fabnet Peak Effective % . | . . . . . . . . . . . . . . Robots Rewired 16 | . . . . . . 13 . 2 . . . 1 . Allies Hacked 1 | . . . . . . . . 1 . . . . . Hacks Repelled . | . . . . . . . . . . . . . . Allies | -11 -10 -10 -7 -7 -5 -5 -5 -4 -4 -4 -3 -3 -2 -------- Run | Yrd Mat Sub Rec Scr Fac Ext Cet Fac Upp Upp Res Qua Res Total Allies 37 | . . . . . . 18 5 2 . . 6 1 5 Largest Group 13 | . . . . . . 13 13 11 1 . 2 2 4 Highest-Rated Group 841 | . . . . . . 531 841 714 47 . 162 162 307 Highest-Rated Ally 159 | . . . . . . 159 150 150 47 . 81 81 81 Total Orders . | . . . . . . . . . . . . . . Ally Attacks 383 | . . . . . . 144 84 112 2 . 10 21 10 Total Damage 11697 | . . . . . . 2623 2176 4317 55 . 814 1244 468 Kills 65 | . . . . . . 20 10 18 . . 4 11 2 Allies Corrupted 1 | . . . . . . . . 1 . . . . . Allies Melted . | . . . . . . . . . . . . . . Intel | -11 -10 -10 -7 -7 -5 -5 -5 -4 -4 -4 -3 -3 -2 ------- Run | Yrd Mat Sub Rec Scr Fac Ext Cet Fac Upp Upp Res Qua Res Active Infowar (turns) 3917 | . . . . . 536 7 . 1138 589 190 351 782 324 Sensors 3343 | . . . . . . . . 1138 589 190 351 782 293 Structural 478 | . . . . . . . . . . . . 154 324 Jamming 1267 | . . . . . 536 7 . 1 . . . 428 295 Robot Analysis Total 4 | . . . . 4 . . . . . . . . . Derelict Logs Recovered 2 | . . . . 2 . . . . . . . . . Drone Launches . | . . . . . . . . . . . . . . Drone Recoveries . | . . . . . . . . . . . . . . Exploration | -11 -10 -10 -7 -7 -5 -5 -5 -4 -4 -4 -3 -3 -2 ------------- Run | Yrd Mat Sub Rec Scr Fac Ext Cet Fac Upp Upp Res Qua Res Turns Passed 8555 | 98 537 654 431 790 558 1665 399 1138 589 190 351 782 373 Spaces Moved 4785 | 66 166 256 135 733 267 869 184 737 351 150 164 470 237 Core 23 | 23 . . . . . . . . . . . . . Treads 600 | 43 166 256 135 . . . . . . . . . . Legs 3252 | . . . . . 90 869 184 737 351 150 164 470 237 Wheels 910 | . . . . 733 177 . . . . . . . . Hover . | . . . . . . . . . . . . . . Flight . | . . . . . . . . . . . . . . Fastest Speed 50 | 50 160 240 240 105 105 126 126 126 126 126 126 120 120 Average Speed 137 | 121 223 240 284 105 144 126 126 126 126 126 126 122 120 Slowest Speed 320 | 160 240 240 320 105 220 220 126 126 126 126 126 250 190 Overloaded Moves . | . . . . . . . . . . . . . . Propulsion Burnouts . | . . . . . . . . . . . . . . Robots Hopped . | . . . . . . . . . . . . . . Potential Cave-ins . | . . . . . . . . . . . . . . Cave-ins Triggered . | . . . . . . . . . . . . . . Exploration Rate (%) 34 | 4 31 29 34 61 10 93 69 22 60 10 7 47 8 Regions Visited 13 Branch Regions 8 Pre-discovered Areas 4 | . . . . 4 . . . . . . . . . Known Exits Taken 8 | . . . . 1 1 . 1 1 1 1 1 1 . Unknown Exits Taken 5 | 1 1 1 1 . . 1 . . . . . . . Scrap Searched 7 | . . . . 3 . . . . 4 . . . . Spaces Dug 29 | . 8 1 . . 5 3 . 2 . . 6 3 1 Terrain Destroyed 29 | . 8 1 . . 5 3 . 2 . . 6 3 1 Melee 29 | . 8 1 . . 5 3 . 2 . . 6 3 1 Projectile . | . . . . . . . . . . . . . . AOE . | . . . . . . . . . . . . . . Terrain Rammed . | . . . . . . . . . . . . . . Walls Destroyed . | . . . . . . . . . . . . . . Machines Disabled . | . . . . . . . . . . . . . . Actions | -11 -10 -10 -7 -7 -5 -5 -5 -4 -4 -4 -3 -3 -2 --------- Run | Yrd Mat Sub Rec Scr Fac Ext Cet Fac Upp Upp Res Qua Res Total 6346 | 85 272 274 155 754 371 1364 344 906 487 151 296 600 287 Wait 878 | . 61 . 4 . 13 302 138 80 125 . 115 30 10 Move 4772 | 65 165 255 134 732 266 868 183 736 350 149 163 469 237 Hop . | . . . . . . . . . . . . . . Pick Up 107 | 12 5 3 1 14 12 22 3 15 2 1 . 15 2 Fast Attach 11 | . 1 . . . . 1 1 1 . . 3 2 2 Attach 73 | 6 1 . 1 3 22 7 . 4 . . 2 17 10 Detach 11 | . 1 . . . 4 . . 1 . . 3 2 . Swap 32 | . 5 5 1 1 2 4 6 5 . . 2 1 . Drop 56 | 2 1 . . 4 4 15 7 17 1 1 . 4 . Fire 61 | . 18 3 14 . 23 . . 1 . . . . 2 Melee 233 | . 14 8 . . 17 51 6 39 9 . 8 57 24 Ram . | . . . . . . . . . . . . . . Kick . | . . . . . . . . . . . . . . Crush . | . . . . . . . . . . . . . . Escape Stasis 13 | . . . . . 8 5 . . . . . . . Rewire 99 | . . . . . . 89 . 7 . . . 3 . Trap . | . . . . . . . . . . . . . . Miscellaneous . | . . . . . . . . . . . . . . Route ------- -11/Scrapyard -10/Materials (discovered 4 exits: [*Mat x2] / [*Min] / [*Sub]) -10/Subcaves -7/Recycling -7/Scraptown -5/Factory (discovered 7 exits: *Fac x4 / Upp x2 / *Ext) -5/Extension (discovered 2 exits: *Fac / *Cet) -5/Cetus (discovered 2 exits: *Fac / [*Arc]) -4/Factory (discovered 5 exits: *Res x4 / *Upp) -4/Upper Caves -4/Upper Caves (discovered 2 exits: *Res / Zhi) -3/Research (discovered 3 exits: *Res / *Qua x2) -3/Quarantine -2/Research History --------- Turn | Location | Event 5 | -11/Scrapyard | Discovered new exit (range 16) 99 | -11/Scrapyard | Entered Materials 307 | -10/Materials | Build established: Mutant 358 | -10/Materials | Discovered new exit (range 10) 424 | -10/Materials | Discovered new exit (range 16) 529 | -10/Materials | Discovered new exit (range 16) 623 | -10/Materials | Discovered new exit (range 6) 636 | -10/Materials | Entered Subcaves 926 | -10/Subcaves | Shifting Twisted Machinery released Enh. Flamer 942 | -10/Subcaves | Shifting Twisted Machinery released Sub. Machine Gun 1212 | -10/Subcaves | Visited triangular shrine 1226 | -10/Subcaves | Found Prototype Device 1285 | -10/Subcaves | Discovered new exit (range 3) 1290 | -10/Subcaves | Entered Recycling 1641 | -7/Recycling | Scanned before Scraplab entrance 1689 | -7/Recycling | Entered Scraplab 1714 | -7/Recycling | Discovered new exit (range 2) 1721 | -7/Recycling | Entered Scraptown 1837 | -7/Scraptown | Delivered Prototype Device to T0-NE2 in exchange for information 1942 | -7/Scraptown | Scanned Subdweller tech in exchange for log data 1944 | -7/Scraptown | Learned Research interactive machine intel 1945 | -7/Scraptown | Learned Factory stockpile data 2000 | -7/Scraptown | Visited UFD Registry 2002 | -7/Scraptown | Registered with UFD as "Cargodriver" 2023 | -7/Scraptown | Visited Bundlers 2131 | -7/Scraptown | Visited Junk Repository 2198 | -7/Scraptown | Visited Analyses Database 2236 | -7/Scraptown | Visited Cartography Club 2289 | -7/Scraptown | Found Deep Structural Scanner 2322 | -7/Scraptown | Learned location of Cetus (-5) 2322 | -7/Scraptown | Learned location of Hub_04(d) (-5) 2322 | -7/Scraptown | Learned location of Armory (-4) 2322 | -7/Scraptown | Learned 8 Factory zone layouts 2322 | -7/Scraptown | Learned 16 Factory zone layouts 2322 | -7/Scraptown | Learned 8 Research zone layouts 2322 | -7/Scraptown | Learned 12 Research zone layouts 2322 | -7/Scraptown | Learned 4 Access zone layouts 2322 | -7/Scraptown | Learned 8 Access zone layouts 2322 | -7/Scraptown | Learned 8 Upper Caves zone layouts 2322 | -7/Scraptown | Learned 12 Proximity Caves zone layouts 2322 | -7/Scraptown | Learned Factory emergency access door positions 2322 | -7/Scraptown | Learned location of 3 exits from Factory 2322 | -7/Scraptown | Learned location of 2 exits from Upper Caves 2322 | -7/Scraptown | Identified exit to Factory 2350 | -7/Scraptown | Visited Abandonware Association 2357 | -7/Scraptown | Learned abandonware demo "OVRCLOCK.EXE" 2361 | -7/Scraptown | Learned abandonware demo "KABOOM.EXE" 2361 | -7/Scraptown | Learned abandonware demo "POISON.EXE" 2386 | -7/Scraptown | Visited Sword Containment 2410 | -7/Scraptown | Visited Research Penetration Think Tank 2511 | -7/Scraptown | Entered Factory 2511 | -5/Factory | Evolved 10 slots: Propulsion x3, Utility x7 2512 | -5/Factory | Identified exit to Extension 2513 | -5/Factory | Identified exit to Factory 2514 | -5/Factory | Identified exit to Upper Caves 2677 | -5/Factory | Lost 4 parts (1p2n1w) 2976 | -5/Factory | Discovered exit to Factory (range 16) 3069 | -5/Factory | Entered Extension 3345 | -5/Extension | Build established: Scavenger-Mutant 3660 | -5/Extension | Rescued A7 3747 | -5/Extension | Rescued a captive Derelict 3747 | -5/Extension | Rescued a captive Derelict 3909 | -5/Extension | Build established: Commander-Mutant 4039 | -5/Extension | Spotted B-75 Beast 4058 | -5/Extension | Spotted B-75 Beast 4069 | -5/Extension | Allies destroyed B-75 Beast 4100 | -5/Extension | Lost 4 allies 4299 | -5/Extension | Discovered new exit (range 15) 4300 | -5/Extension | Discovered exit to Factory (range 15) 4540 | -5/Extension | Rescued a captive Derelict 4540 | -5/Extension | Rescued a captive Derelict 4542 | -5/Extension | Energy Cycler disabled 4542 | -5/Extension | Rescued a captive Derelict 4734 | -5/Extension | Entered Cetus 4734 | -5/Cetus | Accompanied by 12 allies (A7) 4739 | -5/Cetus | Acquired a Cetus Manufacturing Module code from A7 4755 | -5/Cetus | Spotted Cetus Guard 4755 | -5/Cetus | Spotted Cetus Guard 4757 | -5/Cetus | Spotted Cetus Guard 4758 | -5/Cetus | Spotted Cetus Guard 4760 | -5/Cetus | Allies destroyed Cetus Guard 4770 | -5/Cetus | Allies destroyed Cetus Guard 4774 | -5/Cetus | Allies destroyed Cetus Guard 4782 | -5/Cetus | Allies destroyed Cetus Guard 4798 | -5/Cetus | Lost 4 allies 4818 | -5/Cetus | Started Cetus Manufacturing Module 4827 | -5/Cetus | Escorted A7 to Cetus Mainframe 4843 | -5/Cetus | Manufactured an Enhanced Grunt 4868 | -5/Cetus | Manufactured an Enhanced Grunt 4893 | -5/Cetus | Manufactured an Enhanced Grunt 4918 | -5/Cetus | Manufactured an Enhanced Grunt 4943 | -5/Cetus | Manufactured an Enhanced Grunt 4979 | -5/Cetus | Discovered new exit (range 15) 5034 | -5/Cetus | Spotted Cetus Guard 5034 | -5/Cetus | Spotted Cetus Guard 5037 | -5/Cetus | Spotted Cetus Guard 5039 | -5/Cetus | Spotted Cetus Guard 5046 | -5/Cetus | Discovered exit to Factory (range 16) 5047 | -5/Cetus | Allies destroyed Cetus Guard 5050 | -5/Cetus | Allies destroyed Cetus Guard 5055 | -5/Cetus | Allies destroyed Cetus Guard 5059 | -5/Cetus | Allies destroyed Cetus Guard 5060 | -5/Cetus | Met Revision 17 5133 | -5/Cetus | Entered Factory 5133 | -4/Factory | Accompanied by 11 allies (A7) 5133 | -4/Factory | Evolved 2 slots: Utility x2 5134 | -4/Factory | Identified exit to Research 5138 | -4/Factory | Received a hacking code to weaken MAIN.C 5430 | -4/Factory | Lost 3 allies 5486 | -4/Factory | Infected Heavy with POISON.EXE 5780 | -4/Factory | Spotted B-86 Titan 5797 | -4/Factory | Destroyed B-86 Titan 5938 | -4/Factory | Discovered exit to Research (range 16) 6074 | -4/Factory | Build established: Mutant 6260 | -4/Factory | Discovered new exit (range 7) 6267 | -4/Factory | Identified exit to Upper Caves 6271 | -4/Factory | Entered Upper Caves 6271 | -4/Upper Caves | Accompanied by 1 ally 6272 | -4/Upper Caves | Identified exit to Upper Caves 6425 | -4/Upper Caves | Attracted the attention of an 0b10 checkpoint 6543 | -4/Upper Caves | Encountered a Warlord checkpoint 6572 | -4/Upper Caves | Entered an active Warlord outpost 6586 | -4/Upper Caves | Learned Armory emergency access door positions 6586 | -4/Upper Caves | Learned Extension stockpile data 6586 | -4/Upper Caves | Learned Research garrison access intel 6586 | -4/Upper Caves | Learned Armory garrison access intel 6860 | -4/Upper Caves | Entered another Upper Caves area 6860 | -4/Upper Caves | Discovered exit to Research (range 8) 6861 | -4/Upper Caves | Identified exit to Zhirov 6993 | -4/Upper Caves | Prototype Device suddenly appears! 7007 | -4/Upper Caves | Found Prototype Device 7050 | -4/Upper Caves | Entered Research 7050 | -3/Research | Evolved 2 slots: Power x1, Utility x1 7050 | -3/Research | Identified Amulet of Y3-NDR 7051 | -3/Research | Identified exit to Quarantine 7052 | -3/Research | Loaded intel: 43 interactive machine locations 7053 | -3/Research | Loaded intel: 4 garrison access locations 7250 | -3/Research | Joined by bewildered Wizard 7250 | -3/Research | Revision forces began assault on 0b10 7251 | -3/Research | Joined by bewildered Wizard 7276 | -3/Research | Met up with Revision 17++ 7354 | -3/Research | Discovered new exit (range 4) 7359 | -3/Research | Identified exit to Research 7401 | -3/Research | Entered Quarantine 7401 | -3/Quarantine | Accompanied by 2 allies 7519 | -3/Quarantine | Scanned by Researcher 7679 | -3/Quarantine | P-80 Master assimilated allied Assassin 8a 7701 | -3/Quarantine | System corruption reached 10% 7772 | -3/Quarantine | Lost 16 parts (1p6n9u) 7993 | -3/Quarantine | Found Alien Artifact 7994 | -3/Quarantine | Identified Phase Armor 8126 | -3/Quarantine | Found Alien Artifact 8126 | -3/Quarantine | Identified Phase Redirector 8134 | -3/Quarantine | Discovered exit to Research (range 15) 8145 | -3/Quarantine | Found Alien Artifact 8175 | -3/Quarantine | Spotted Alpha 7 8183 | -3/Quarantine | Entered Research 8183 | -2/Research | Evolved 2 slots: Propulsion x1, Utility x1 8316 | -2/Research | Build established: Scavenger-Assassin 8344 | -2/Research | Joined by bewildered Wizard 8346 | -2/Research | Joined by bewildered Wizard 8346 | -2/Research | Joined by bewildered Wizard 8347 | -2/Research | Joined by bewildered Wizard 8422 | -2/Research | Lost 4 allies 8450 | -2/Research | Infected Heavy with POISON.EXE 8517 | -2/Research | System corruption reached 10% 8530 | -2/Research | Core integrity fell below 50% 8550 | -2/Research | Core integrity fell below 20% 8556 | -2/Research | Destroyed by H-81 Overseer with Heavy Linear Accelerator Last Messages --------------- U-05 Engineer builds a Wall. Slug penetrates Wall. Imp. Thunder Leg destroyed. Acquired 7 matter. Penetrated by Slug. R-10 Processor collects Corrupted Com. HERF Cannon. Flexi-carbon Leg destroyed. Companion Sword surprise attacks G-73 Enforcer. Companion Sword: "Get in line, Grunt." G-73 Enforcer destroyed. K-01 Serf collects debris. R-10 Processor collects Adv. Power Amplifier. Slug penetrates Wall. K-01 Serf collects debris. Centrium Leg destroyed. K-01 Serf collects debris. Slug penetrates Wall. System corrupted: Energy discharge (-22). Penetrated by Slug. Map ----- +----------------------------------------------------+ | ?????????????????????????????????????????????????? | | ?????????????????????????????????????????????????? | | ?????????????????????????????????????????????????? | | ?????????????????????????????????????????????????? | | ?????????? ??????????????????????????????????????? | | ???????"" ????????????????????????????????????? | | ??????""" ????????????????????????????????????? | | ?????? ????????????????????????????????????? | | ????? ????????????????????????????????????? | | ????? ????????????????????????????????????? | | ???? ####????????????????????????????????????? | | ???? ####????????????????????????????????????? | | # ####????????????????????????????????????? | | # ####????????????????????????????????????? | | ## #####???????????????????????????????????? | | ## ## ????????? ???????????? | | ## ????????? ??????????? | | "##+#+##+## ????????? ??????????? | | # #################+######??????????? | | # ############ # ??????????? | | # ############ # ??????????? | | ################# # ??????????? | | # ####### """" # "??????????? | | """ # ####### """"k # "??????????? | | """" + #######k """ # ??????????? | | """" # " " # %@xuR"""" # # ??? | | """ # "" # kk#xH # # ??? | | # """ #!%g!##u # ###??? | | # #!!u!#*/###################??? | | ########### !+%!h]#%=### ####??? | | ########### # = ##*!## ####??? | | ########### # #"=%%+ ####??? | | ########### # ###### ####??? | | ???????#### # ###### ####??? | | ???????#### ""T"" # ###### ####??? | | ???????#### """"" # ###### ? ####??? | | ???????#### # ####??????? ? ####??? | | ??????? ## # ####???????????? ####??? | | ??????? ############ ####????????????? ####??? | | ??????? ############ ####????????????????????? | | ??????? ############ ####????????????????????? | | ??????? # ##### ####????????????????????? | | ?????????????????#### ????????????????????? | | ????????????????? ????????????????????? | | ????????????????? ? ????????????????????? | | ?????????????????????????????????????????????????? | | ?????????????????????????????????????????????????? | | ?????????????????????????????????????????????????? | | ?????????????????????????????????????????????????? | | ?????????????????????????????????????????????????? | +----------------------------------------------------+ Best States ------------- Heat Dissipation 49 Energy Generation 37 Energy Capacity 395 Matter Stores 300 Matter Capacity 300 Sight Range 16 Robot Scan Range 15 Terrain Scan Density 10 Jamming Range 14 Armor Coverage 450 Core Shielding 20 Utility Shielding 66 Weapon Shielding 66 Phase Shifting 10 Evasion (%) 80 Targeting Accuracy 22 Melee Accuracy 32 Recoil Reduction 2 Offensive Hacking 12 Item Schematics ----------------- Hvy. Gatling Laser | -3/Quarantine | Archive Stealth Drone Bay | -3/Quarantine | Archive Exp. Optical Array | -3/Quarantine | Archive Kinetic Spear | -3/Quarantine | Archive Cld. Field Propulsion Drive | -3/Quarantine | Archive Exp. ECM Suite | -3/Quarantine | Archive Exp. System Shield | -3/Quarantine | Archive Exp. Sensor Array | -3/Quarantine | Archive Robot Schematics ------------------ A-15 Conveyor | -3/Quarantine | Archive G-67 Veteran | -3/Quarantine | Archive Fabricated ------------ Nothing Repaired ---------- Nothing Alien Tech Used ----------------- Phase Armor Phase Redirector Achievements -------------- None Challenges ------------ None Game ------ Seed TechSalvagingAutobeam Manual? 1 Play Time 01:23:30 Cumulative 240.5 hours Start 2025.09.19 @ 16:19:08 End 2025.09.19 @ 22:21:46 Sessions 3 Manual Loads 0 Difficulty Rogue Special Mode None Game No. 215 Rogue 215 Adventurer 0 Explorer 0 Win Type - Total 13 Types 7/0/2/2/1/0/0/0/0/1 Lore% 93 Gallery% 86 Achievement% 75 Wizard Run 0 Options --------- Layout 1 ASCII 0 Keyboard 0 Movement Numpad Keybinds 0 Fullscreen 1 Font 24/Proggy Map View 50x35 Zoom Use 0% Tactical HUD 0 Map Filters NONE Filters NONE Steam 1 RUN: c5e97e1b-79ab-4367-9d35-63f34b00d702